 Dungeon Crawl Stone Soup version 0.21.1-1-g345015f (webtiles) character file.

93 n0claF the Digger (level 4, -4/24 HPs)
             Began as a Gargoyle Earth Elementalist on June 22, 2018.
             Killed from afar by Crazy Yiuf (5 damage)
             ... with a wand of flame (30)
             ... on level 2 of the Dungeon.
             The game lasted 00:07:26 (2639 turns).

n0claF the Digger (Gargoyle Earth Elementalist)     Turns: 2639, Time: 00:07:27

Health: -4/24      AC:  7    Str: 11    XL:     4   Next: 62%
Magic:  0/8        EV: 12    Int: 17    God:
Gold:   93         SH:  0    Dex: 10    Spells: 2/8 levels left

rFire    . . .     SeeInvis .   m - +1 hand axe (drain)
rCold    . . .     Gourm    .   (no shield)
rNeg     + . .     Faith    .   c - +0 robe
rPois    ∞         Spirit   .   (no helmet)
rElec    +         Reflect  .   g - +1 cloak
rCorr    .         Harm     .   (no gloves)
MR       .....                  (no boots)
Stlth    ++........             (no amulet)
HPRegen  0.08/turn              (no ring)
MPRegen  0.11/turn              (no ring)

@: very slightly contaminated
A: negative energy resistance 1, electricity resistance, unbreathing,
petrification resistance, rot immunity, AC +3
a: no special abilities


You were on level 2 of the Dungeon.
You were hungry.

You visited 1 branch of the dungeon, and saw 2 of its levels.

You collected 93 gold pieces.

Inventory:

Hand Weapons
 m - a +1 hand axe of draining (weapon)
   (You took it off Terence on level 2 of the Dungeon)
Missiles
 b - 12 stones (quivered)
Armour
 c - a +0 robe (worn)
 g - a +1 cloak (worn)
   (You found it on level 1 of the Dungeon)
Jewellery
 a - a +4 amulet of reflection {unknown}
   (You found it on level 1 of the Dungeon)
 n - an uncursed amulet of rage {unknown}
   (You found it on level 2 of the Dungeon)
Scrolls
 h - 5 scrolls of identify {unknown}
 i - a scroll of fog {unknown}
 j - a scroll of teleportation {unknown}
 k - 2 scrolls of enchant weapon {unknown}
 o - a scroll of amnesia {unknown}
 p - 4 scrolls of remove curse {unknown}
 q - a scroll of random uselessness {unknown}
Potions
 f - 2 potions of mutation {unknown}
 l - a potion of curing {unknown}
 r - a potion of agility {unknown}
Books
 d - a book of Geomancy
Comestibles
 e - 2 rations {!d}


   Skills:
 + Level 2.1 Dodging
 + Level 2.9 Stealth
 * Level 2.9 Spellcasting
 - Level 0.7 Transmutations
 * Level 4.7 Earth Magic


You had 2 spell levels left.
You knew the following spells:

 Your Spells              Type           Power        Failure   Level  Hunger
a - Sandblast             Erth           ###...       2%          1    None
b - Passwall              Tmut/Erth      ##........   9%          2    ##.....
c - Stone Arrow           Conj/Erth      ##....       21%         3    ###....


Dungeon Overview and Level Annotations

Branches:
Dungeon (2/15)

Altars:

Annotations:
D:2 Crazy Yiuf


Innate Abilities, Weirdness & Mutations

You are resistant to torment.
Your stone body is resilient. (AC +3)
You are immune to poison.
You resist negative energy. (rN+)
You are resistant to electric shocks. (rElec)
You can survive without breathing.
You are immune to petrification.
You are immune to rotting.


Message History

e - 2 rations {!d} (gained 1)
Found a scroll labeled WID UDAZ EJEI.
No target in view!
p - 4 scrolls labeled WID UDAZ EJEI (gained 1)
There is a stone staircase leading down here.
You see here a hunting sling.
No target in view!
You open the door.
Crazy Yiuf the Enlightened comes into view.
He is wielding a quarterstaff of chaos.
Crazy Yiuf shouts!
Found a mace.
Aim: Crazy Yiuf, wielding a quarterstaff of chaos and wearing an embroidered cloak The stone arrow misses Crazy Yiuf.
Crazy Yiuf says, "Lay!
Dawk sallow forty-two."
Aim: Crazy Yiuf, wielding a quarterstaff of chaos and wearing an embroidered cloak You miscast Stone Arrow.
You are very lightly contaminated with residual magic.
Sand pours from your hands.
Aim: Crazy Yiuf, wielding a quarterstaff of chaos and wearing an embroidered cloak The blast of sand hits Crazy Yiuf.
b - 14 stones Crazy Yiuf yells, "Snower Orb Guardian ladder!"
Crazy Yiuf misses you.
Aim: Crazy Yiuf, wielding a quarterstaff of chaos and wearing an embroidered cloak (moderately wounded)
The blast of sand hits Crazy Yiuf.
b - 13 stones Crazy Yiuf closely misses you.
You hit Crazy Yiuf.
Crazy Yiuf says, "Nubble senile sow!"
Crazy Yiuf barely misses you.
You barely miss Crazy Yiuf.
Crazy Yiuf hits you with a quarterstaff of chaos.
Crazy Yiuf freezes you.
You hit Crazy Yiuf but do no damage. Crazy Yiuf barely misses you.
You are feeling hungry.
You hit Crazy Yiuf but do no damage. You drain Crazy Yiuf!
Crazy Yiuf hits you with a quarterstaff of chaos!
* * * LOW HITPOINT WARNING * * *
Crazy Yiuf freezes you.
* * * LOW HITPOINT WARNING * * *
Crazy Yiuf zaps a wand.
The puff of flame hits you!
* * * LOW HITPOINT WARNING * * *
It is a wand of flame (30).
Aim: Crazy Yiuf, wielding a quarterstaff of chaos, wearing an embroidered cloak and carrying a wand of flame (30) (almost dead, heavily drained)
The blast of sand misses Crazy Yiuf.
b - 12 stones Crazy Yiuf zaps a wand.
The puff of flame hits you!
You die...

#....####.#
#.## #+..+#
#..# #.#
♣....♣
#.#######.#
♣♣...♣
#.........#
♣♣.♣♣
#.##########
♣♣.♣ #.#
#.....
########
♣.♣♣
#.#####.####
#......#
♣♣.♣
#.##....####
#.######
♣@♣♣
#.##.#......
#.# #g#
#.##....####
#.# ...
#.###.#.#
#.# #...#
#.......#
#.# #)..#
#.......#
#.# #####
#####...####
#.# #.......
#.#
#########
##).#### #.#
#.......#
#..#


You could see Crazy Yiuf.

Vanquished Creatures
  Terence (D:2)
  2 adders (D:2)
  An ooze (D:1)
  A worm (D:2)
  4 dart slugs
  2 leopard geckos
  6 bats
  A giant cockroach (D:2)
  4 goblins (D:1)
  3 hobgoblins (D:1)
  4 frilled lizards
  6 kobolds
  A leopard gecko skeleton (D:2)
  A rat (D:1)
37 creatures vanquished.

Notes
Turn   | Place    | Note
-------+----------+-------------------------------------------
     0 | D:1      | n0claF the Gargoyle Earth Elementalist began the quest for the Orb.
     0 | D:1      | Reached XP level 1. HP: 10/10 MP: 3/3
   401 | D:1      | Reached XP level 2. HP: 15/15 MP: 1/5
   658 | D:1      | Reached skill level 4 in Earth Magic
   767 | D:1      | Reached XP level 3. HP: 15/19 MP: 4/6
  1826 | D:2      | Found a runed door.
  1870 | D:2      | Reached XP level 4. HP: 24/24 MP: 3/8
  1874 | D:2      | Learned a level 2 spell: Passwall
  1878 | D:2      | Learned a level 3 spell: Stone Arrow
  1924 | D:2      | Noticed Terence
  1973 | D:2      | Killed Terence
  2630 | D:2      | Noticed Crazy Yiuf
  2638 | D:2      | HP: 1/24 [Crazy Yiuf/wand of flame (31) (8)]
  2639 | D:2      | Killed from afar by Crazy Yiuf

Skill      XL: |  1  2  3 |
---------------+----------+-----
Earth Magic    | 4 |  4.7
Dodging        | 2 |  2.1
Stealth        | |  2.9
Spellcasting   | |  2.9
Transmutations | |  0.7

Action                   |  1- 3 |  4- 6 || total
-------------------------+-------+-------++-------
Melee: Unarmed           |   228 |    14 ||   242
       Hand axe          |       |    16 ||    16
 Cast: Sandblast         |    17 |    11 ||    28
       Stone Arrow       |       |     2 ||     2
 Stab: Sleeping          |     2 |     1 ||     3
  Eat: Chunk             |     4 |     2 ||     6
Armor: Robe              |   102 |     6 ||   108
Dodge: Dodged            |   174 |    19 ||   193
